 Dungeon Crawl Stone Soup version 0.25.0-33-gff14898491 (webtiles) character file.

Game seed: 690303804991003479

13118 RaHiT the Grappler (level 11, -2/84 HPs)
             Began as a Demonspawn Chaos Knight on July 7, 2020.
             Was a Plaything of Xom.
             Slain by a seven-headed hydra (8 damage)
             ... on level 11 of the Dungeon.
             The game lasted 00:54:47 (9233 turns).

RaHiT the Grappler (Demonspawn Chaos Knight)        Turns: 9233, Time: 00:54:47

Health: -2/84      AC:  8    Str: 18    XL:     11   Next: 71%
Magic:  8/25       EV: 15    Int: 11    God:    Xom [..*...]
Gold:   1417       SH:  5    Dex: 13    Spells: 12/12 levels left

rFire    . . .     SeeInvis +     - Unarmed
rCold    . . .     Gourm    .   (no shield)
rNeg     . . .     Faith    .   l - +0 acid dragon scales
rPois    .         Spirit   .   (helmet unavailable)
rElec    .         Reflect  +   x - +0 cloak
rCorr    +         Harm     .   p - +0 pair of gloves
MR       +....     Clarity  +   G - -2 pair of boots (curse)
Stlth    +.........             c - amulet of reflection
HPRegen  0.64/turn              i - ring "Zytt" {MP+9 Str+5 Int-5}
MPRegen  0.19/turn              y - ring of wizardry

@: no status effects
A: hooves 1, horns 3, see invisible, clarity, clever 1, demonic guardian 1,
magic resistance 1, mutation resistance 1, sense surroundings 1, regeneration 1,
spiny 3, weak 1, MP-powered wands
a: Renounce Religion


You were on level 11 of the Dungeon.
You worshipped Xom.
You were a toy of Xom.
You were not hungry.

You visited 1 branch of the dungeon, and saw 11 of its levels.

You collected 1417 gold pieces.

Inventory:

Hand Weapons
 L - a +2 hand crossbow
Missiles
 a - 65 poisoned darts
 j - 6 boomerangs (quivered)
 w - 57 bolts
 R - a throwing net
Armour
 l - +0 acid dragon scales (worn)
 o - a +2 leather armour of cold resistance
 p - a +0 pair of gloves (worn)
 x - a +0 cloak (worn)
 G - a cursed -2 pair of boots (worn)
Jewellery
 c - an amulet of reflection (around neck)
 i - the ring "Zytt" (left hand) {MP+9 Str+5 Int-5}
   (You found it on level 6 of the Dungeon)

   [ring of magical power]

   It affects your strength (+5).
   It affects your intelligence (-5).
   It affects your magic capacity (+9).
 y - a ring of wizardry (right hand)
 B - an uncursed amulet of regeneration
 Q - an uncursed ring of ice
Wands
 q - a wand of flame (18)
 r - a wand of iceblast (5)
 s - a wand of digging (4)
 H - a wand of random effects (14)
 K - a wand of disintegration (8)
 O - a wand of paralysis (4)
 P - a wand of acid (7)
 U - a wand of polymorph (10)
Scrolls
 k - 2 scrolls of blinking
 n - 7 scrolls of remove curse
 t - 4 scrolls of teleportation
 u - 2 scrolls of enchant armour
 C - 3 scrolls of vulnerability
 J - a scroll of immolation
 M - a scroll of silence
 S - 2 scrolls of fear
Potions
 d - 2 potions of heal wounds
 e - 4 potions of brilliance
 f - 2 potions of curing
 g - a potion of invisibility
 h - a potion of mutation
 v - a potion of magic {unknown}
 z - a potion of stabbing {unknown}
 A - a potion of ambrosia
 D - a potion of flight {unknown}
 E - a potion of lignification {unknown}
 I - a potion of might {unknown}
Miscellaneous
 N - a tin of tremorstones (3/3)
Comestibles
 b - 34 rations
 T - 12 chunks of flesh


   Skills:
 - Level 7.0 Fighting
 - Level 5.0 Throwing
 - Level 3.0 Armour
 + Level 7.4 Dodging
 - Level 12.0 Unarmed Combat
 - Level 1.0 Spellcasting
 - Level 7.0 Evocations


You had 12 spell levels left.
You didn't know any spells.
Your spell library contained the following spells:

 Spells                   Type           Power        Failure   Level  Hunger
 Summon Butterflies       Summ           #.......     16%         1    ##.....
 Call Canine Familiar     Summ           #.......     43%         3    ####...
 Summon Ice Beast         Ice/Summ       #.......     82%         4    #####..
 Summon Mana Viper        Hex/Summ       #.......     98%         5    ######.
 Summon Hydra             Summ           #.........   100%        7    #######


Dungeon Overview and Level Annotations

Branches:
Dungeon (11/15)            Temple (0/1) D:5            Lair (0/6) D:11
    Orc (0/2) D:10

Altars:
Ashenzari
Cheibriados
Dithmenos
Elyvilon
Fedhas
Gozag
Hepliaklqana
Nemelex Xobeh
Qazlal
Ru
Trog
Xom
Yredelemnul
Zin


Innate Abilities, Weirdness & Mutations

You have a pair of large horns on your head.
A weak demonic guardian rushes to your aid.
You are completely covered in sharp spines.
You have large cloven feet.
You have supernaturally acute eyesight. (SInv)
You possess an exceptional clarity of mind.
Your mind is acute. (Int +2)
You are resistant to hostile enchantments. (MR+)
You are somewhat resistant to further mutation.
You passively map a small area around you.
Your natural rate of healing is unusually fast.
You are weak. (Str -2)
You expend magic power (3 MP) to strengthen your wands.


Message History

The seven-headed hydra bites you!
The seven-headed hydra bites you but does no damage.
You block the seven-headed hydra's attack.
The seven-headed hydra bites you but does no damage.
Evoke which item? (* to show all) (? for menu, Esc to quit)
Aiming: Disintegrate
Press: ? - help, Shift-Dir - straight line, f/p - seven-headed hydra
Aim: a seven-headed hydra (heavily wounded, chance to defeat MR: 67%)
You feel a surge of power!
The seven-headed hydra is blasted!
The seven-headed hydra bites you!
* * * LOW HITPOINT WARNING * * *
The seven-headed hydra misses you. The seven-headed hydra bites you.
* * * LOW HITPOINT WARNING * * *
The seven-headed hydra completely misses you.
The seven-headed hydra bites you!
* * * LOW HITPOINT WARNING * * *
The seven-headed hydra closely misses you.
The seven-headed hydra bites you!
You die...
Xom giggles madly!

###### #....###########, ,
#....#...#.....#.....#
#....#...@)....#.....#
#[".>'..)#D....#.....# ###
#....#...#.....#.....# ..#
#....#...#.....#D....#
..######..[.#..##(##..#.....#
........†...#..#####..#.....#
............#... #..'.....#
............#.... #..#.....#
............#####* ####.....#


You could see a seven-headed hydra.

Vanquished Creatures
  A two-headed ogre (D:11)
  Pikel (D:5)
  An ugly thing (D:11)
  An elephant (D:11)
  Joseph (D:10)
  Maurice (D:9)
  A queen bee (D:9)
  4 trolls
  A merfolk (D:10)
  4 hippogriffs
  A human (D:10)
  4 yaks
  A naga (D:5)
  A soldier ant (D:10)
  A water moccasin (D:5)
  5 orc warriors
  5 ice beasts
  A sky beast (D:7)
  2 phantoms
  7 ogres
  2 crocodiles (D:11)
  5 centaurs
  8 big kobolds
  10 bullfrogs
  3 scorpions
  27 killer bees
  6 howler monkeys
  A bullfrog zombie (D:5)
  3 crimson imps
  7 hounds
  4 jellies
  A quasit (D:7)
  5 orc priests
  2 bullfrog skeletons
  2 iguanas
  Jessica (D:3)
  3 centaur skeletons
  6 orc wizards
  8 worker ants
  Natasha (D:3)
  A hound zombie (D:8)
  A hound skeleton (D:5)
  3 worker ant zombies
  3 gnolls (D:6)
  2 howler monkey skeletons
  15 adders
  A shadow imp (D:10)
  3 oozes
  An adder zombie (D:8)
  A worm (D:4)
  4 dart slugs
  6 leopard geckos
  35 orcs
  3 giant cockroaches
  4 goblins
  6 hobgoblins
  3 jackals
  19 kobolds
  6 quokkas
  2 ball pythons
  13 bats
  A frilled lizard (D:3)
  A giant cockroach zombie (D:5)
  11 rats
294 creatures vanquished.

Vanquished Creatures (collateral kills)
  A kobold demonologist (D:8)
  3 trolls
  A wraith (D:6)
  A black bear (D:6)
  A centaur (D:5)
  2 big kobolds (D:8)
  Dowan (D:5)
  2 killer bees (D:9)
  A hound (D:6)
  2 orc wizards
  2 iguanas
  An adder (D:6)
  5 orcs
  3 kobolds (D:8)
26 creatures vanquished.

Vanquished Creatures (others)
  A slave (D:5)
  2 killer bees (D:5)
  An adder (D:10)
4 creatures vanquished.

Grand Total: 324 creatures vanquished

Notes
Turn   | Place    | Note
-------+----------+-------------------------------------------
     0 | D:1      | RaHiT the Demonspawn Chaos Knight began the quest for the
                  | Orb.
     0 | D:1      | Reached XP level 1. HP: 18/18 MP: 1/1
    45 | D:1      | Reached skill level 1 in Dodging
   106 | D:1      | Gained mutation: You have a pair of small horns on your
                  | head. [demonic ancestry]
   106 | D:1      | Reached XP level 2. HP: 17/24 MP: 2/2
   111 | D:1      | Reached skill level 3 in Unarmed Combat
   163 | D:1      | XOM: silly message
   246 | D:1      | XOM: scenery: 1 doors close
   592 | D:1      | XOM: enchant monster (good)
   605 | D:1      | Gained mutation: You have a pair of horns on your head.
                  | [demonic ancestry]
   605 | D:1      | Reached XP level 3. HP: 27/29 MP: 3/3
   623 | D:1      | XOM: divination: detect creatures
  1069 | D:2      | XOM: god gift: 27 stones
  1088 | D:2      | XOM: give mutations
  1088 | D:2      | Gained mutation: Scrolls take you a little longer to read.
                  | [Xom's mischief]
  1088 | D:2      | Gained mutation: Your body sometimes deteriorates upon
                  | taking damage. [Xom's mischief]
  1088 | D:2      | Gained mutation: You are weak. (Str -2) [Xom's mischief]
  1088 | D:2      | Gained mutation: You are frail. (-10% HP) [Xom's mischief]
  1213 | D:2      | XOM: god gift: wand of polymorph (9)
  1218 | D:2      | XOM: divination: detect creatures
  1271 | D:2      | XOM: god gift: scroll labeled NEIWKE HEIFISAT {god gift}
  1385 | D:2      | Gained mutation: You are partially covered in sharp spines.
                  | [demonic ancestry]
  1385 | D:2      | Reached XP level 4. HP: 29/31 MP: 4/4
  1629 | D:2      | XOM: cloud trail
  1679 | D:2      | Noticed Terence
  1680 | D:2      | Noticed Terence
  1680 | D:2      | Terence changed into Terence the adder
  1686 | D:2      | Killed Terence the adder
  1736 | D:3      | Reached skill level 1 in Evocations
  1806 | D:3      | Found a blossoming altar of Fedhas.
  1813 | D:3      | Found a stormy altar of Qazlal.
  1823 | D:3      | Noticed Jessica
  1829 | D:3      | XOM: summons 3 friendly demons
  1861 | D:3      | Killed Jessica
  1861 | D:3      | Reached skill level 4 in Unarmed Combat
  1861 | D:3      | Reached XP level 5. HP: 35/36 MP: 4/6
  2052 | D:3      | XOM: give mutation
  2052 | D:3      | Gained mutation: Your natural rate of healing is unusually
                  | fast. [Xom's grace]
  2208 | D:3      | Noticed Grinder
  2209 | D:3      | Noticed Grinder
  2209 | D:3      | Grinder changed into Grinder the crimson imp
  2213 | D:3      | XOM: summons 4 friendly demons
  2218 | D:3      | Killed Grinder the crimson imp
  2274 | D:3      | XOM: scenery: 1 doors open
  2304 | D:3      | Found a white marble altar of Elyvilon.
  2334 | D:3      | Noticed an ogre
  2341 | D:3      | Killed an ogre
  2341 | D:3      | Gained mutation: You have a pair of large horns on your
                  | head. [demonic ancestry]
  2341 | D:3      | Reached XP level 6. HP: 42/42 MP: 7/7
  2461 | D:3      | Found a bloodstained altar of Trog.
  2461 | D:3      | Found a sacrificial altar of Ru.
  2582 | D:3      | Noticed Natasha
  2598 | D:3      | Killed Natasha
  2915 | D:4      | XOM: noise
  2921 | D:4      | XOM: enchant monster (bad)
  3057 | D:4      | Reached skill level 1 in Spellcasting
  3155 | D:4      | Reached skill level 5 in Unarmed Combat
  3219 | D:4      | XOM: stat loss: -1 Dex (12/13)
  3302 | D:5      | Entered Level 5 of the Dungeon
  3302 | D:5      | Noticed Pikel
  3302 | D:5      | Noticed a slave
  3302 | D:5      | Noticed a slave
  3302 | D:5      | Noticed a slave
  3302 | D:5      | Noticed a slave
  3302 | D:5      | Noticed a water moccasin
  3303 | D:5      | XOM: blink monster(s)
  3307 | D:4      | XOM: potion effect (stabbing)
  3313 | D:4      | XOM: potion effect (curing)
  3319 | D:4      | XOM: potion effect (invisibility)
  3323 | D:4      | XOM: potion effect (invisibility)
  3349 | D:5      | XOM: blink monster(s)
  3352 | D:5      | Killed Pikel
  3352 | D:5      | Reached skill level 5 in Fighting
  3352 | D:5      | Gained mutation: You are mostly covered in sharp spines.
                  | [demonic ancestry]
  3352 | D:5      | Reached XP level 7. HP: 42/50 MP: 9/9
  3367 | D:5      | Gained mutation: A weak demonic guardian rushes to your
                  | aid. [demonic ancestry]
  3367 | D:5      | Reached XP level 8. HP: 46/55 MP: 10/10
  3394 | D:5      | Found a staircase to the Ecumenical Temple.
  3409 | D:5      | XOM: scenery: 1 doors open
  3415 | D:5      | XOM: god gift: book of Beasts
  3424 | D:5      | Reached skill level 5 in Dodging
  3435 | D:5      | Reached skill level 1 in Throwing
  3461 | D:5      | XOM: swap monsters
  3462 | D:5      | XOM: confuse monster(s)
  3717 | D:5      | XOM: god gift: 590 gold pieces
  3779 | D:5      | Noticed Duvessa
  3779 | D:5      | Noticed Dowan
  3780 | D:5      | Noticed Duvessa
  3780 | D:5      | Duvessa changed into Duvessa the naga
  3781 | D:5      | XOM: confuse monster(s)
  3802 | D:5      | XOM: summons friendly ufetubus
  3806 | D:5      | Killed Duvessa the naga
  3811 | D:5      | Killed Dowan
  4051 | D:5      | XOM: give mutations
  4051 | D:5      | Gained mutation: You expend magic power (3 MP) to
                  | strengthen your wands. [Xom's grace]
  4051 | D:5      | Gained mutation: You have large cloven feet. [Xom's grace]
  4051 | D:5      | Gained mutation: Your flesh is cold resistant. (rC+) [Xom's
                  | grace]
  4180 | D:5      | Got an ebony quarterstaff
  4183 | D:5      | Identified the +4 quarterstaff "Moicrygafa" {speed, Int+2}
                  | (You found it on level 5 of the Dungeon)
  4243 | D:6      | Got a sparkling iron ring
  4245 | D:6      | Reached skill level 5 in Throwing
  4284 | D:6      | XOM: polymorph ice beast -> big kobold
  4289 | D:6      | Reached skill level 6 in Unarmed Combat
  4323 | D:6      | Reached XP level 9. HP: 43/61 MP: 9/11
  4358 | D:6      | Identified the ring "Zytt" {MP+9 Str+5 Int-5} (You found it
                  | on level 6 of the Dungeon)
  4443 | D:6      | XOM: 3-stop teleportation journey
  4455 | D:6      | Lost mutation: Scrolls take you a little longer to read.
                  | [potion of mutation]
  4455 | D:6      | Lost mutation: You are weak. (Str -2) [potion of mutation]
  4455 | D:6      | Gained mutation: Your flesh is very cold resistant. (rC++)
                  | [potion of mutation]
  4455 | D:6      | Lost mutation: Your natural rate of healing is unusually
                  | fast. [potion of mutation]
  4455 | D:6      | Lost mutation: Your flesh is very cold resistant. (rC++)
                  | [potion of mutation]
  4455 | D:6      | Gained mutation: Your mind is acute. (Int +2) [potion of
                  | mutation]
  4496 | D:6      | Reached skill level 7 in Unarmed Combat
  4504 | D:6      | XOM: cloud trail
  4617 | D:6      | XOM: 4-stop teleportation journey
  4619 | D:6      | XOM: chaos upgrade
  4630 | D:6      | XOM: give mutations
  4630 | D:6      | Lost mutation: Your flesh is cold resistant. (rC+) [Xom's
                  | mischief]
  4630 | D:6      | Lost mutation: Your body sometimes deteriorates upon taking
                  | damage. [Xom's mischief]
  4630 | D:6      | Lost mutation: You expend magic power (3 MP) to strengthen
                  | your wands. [Xom's mischief]
  4784 | D:6      | Noticed Edmund
  4785 | D:6      | Noticed Sigmund
  4786 | D:6      | Noticed Edmund
  4786 | D:6      | Edmund changed into Edmund the ice beast
  4789 | D:6      | Noticed Sigmund
  4789 | D:6      | Sigmund changed into Sigmund the hound
  4791 | D:6      | Killed Sigmund the hound
  4801 | D:6      | Killed Edmund the ice beast
  4806 | D:6      | XOM: divination: detect items
  4900 | D:6      | Found a shattered altar of Ashenzari.
  5023 | D:7      | Noticed a troll
  5034 | D:7      | Killed a troll
  5039 | D:7      | XOM: give mutations
  5039 | D:7      | Gained mutation: You are resistant to hostile enchantments.
                  | (MR+) [Xom's grace]
  5039 | D:7      | Gained mutation: You have supernaturally acute eyesight.
                  | (SInv) [Xom's grace]
  5039 | D:7      | Gained mutation: Your mind is very acute. (Int +4) [Xom's
                  | grace]
  5039 | D:7      | Gained mutation: You expend magic power (3 MP) to
                  | strengthen your wands. [Xom's grace]
  5173 | D:7      | XOM: give mutations
  5173 | D:7      | Gained mutation: You are somewhat resistant to further
                  | mutation. [Xom's grace]
  5173 | D:7      | Gained mutation: Your natural rate of healing is unusually
                  | fast. [Xom's grace]
  5173 | D:7      | Gained mutation: You passively map a small area around you.
                  | [Xom's grace]
  5173 | D:7      | Gained mutation: You possess an exceptional clarity of
                  | mind. [Xom's grace]
  5232 | D:7      | XOM: 3-stop teleportation journey
  5283 | D:7      | Found a glowing silver altar of Zin.
  5376 | D:7      | XOM: 3-stop teleportation journey
  5437 | D:7      | Got a fine helmet
  5503 | D:7      | Noticed Maggie
  5506 | D:7      | Noticed Maggie
  5506 | D:7      | Maggie changed into Maggie the sky beast
  5509 | D:7      | Killed Maggie the sky beast
  5954 | D:8      | Reached XP level 10. HP: 64/69 MP: 13/13
  6007 | D:8      | XOM: silly message
  6105 | D:8      | Reached skill level 5 in Evocations
  6250 | D:8      | XOM: repel stairs
  6255 | D:8      | XOM: scenery: create altars
  6272 | D:8      | XOM: summons 4 friendly demons
  6694 | D:9      | Noticed Maurice
  6705 | D:9      | Killed Maurice
  6732 | D:9      | XOM: 3-stop teleportation journey
  6876 | D:9      | Found a hazy altar of Hepliaklqana.
  6876 | D:9      | Found an opulent altar of Gozag.
  6876 | D:9      | Found a sparkling altar of Nemelex Xobeh.
  6876 | D:9      | Found a snail-covered altar of Cheibriados.
  6878 | D:9      | XOM: blink monster(s)
  6886 | D:9      | Found a basalt altar of Yredelemnul.
  6886 | D:9      | Found a shadowy altar of Dithmenos.
  6923 | D:9      | XOM: give mutations
  6923 | D:9      | Gained mutation: You are weak. (Str -2) [Xom's mischief]
  6923 | D:9      | Lost mutation: Your mind is very acute. (Int +4) [Xom's
                  | mischief]
  6923 | D:9      | Lost mutation: You are frail. (-10% HP) [Xom's mischief]
  7045 | D:9      | Reached skill level 8 in Unarmed Combat
  7091 | D:9      | XOM: scenery: create altars
  7382 | D:9      | XOM: cast spell 'Shadow Creatures'
  7411 | D:9      | XOM: summons 2 friendly demons
  7415 | D:9      | XOM: summons friendly quasit
  7426 | D:9      | Reached skill level 9 in Unarmed Combat
  7443 | D:9      | XOM: summons friendly crimson imp
  7545 | D:9      | XOM: polymorph killer bee -> jackal
  7610 | D:10     | Entered Level 10 of the Dungeon
  7616 | D:10     | XOM: noise
  7625 | D:10     | XOM: 1-stop teleportation journey
  7651 | D:10     | Gained mutation: You are completely covered in sharp
                  | spines. [demonic ancestry]
  7651 | D:10     | Reached XP level 11. HP: 69/84 MP: 16/16
  7658 | D:10     | XOM: noise
  7688 | D:10     | XOM: swap monsters
  7700 | D:10     | XOM: enchant monster (bad)
  7701 | D:10     | Reached skill level 10 in Unarmed Combat
  7707 | D:10     | XOM: cast spell 'Summon Ice Beast'
  7727 | D:10     | XOM: swap monsters
  7743 | D:10     | XOM: divination: detect items
  7960 | D:10     | XOM: noise
  8008 | D:10     | XOM: summons friendly shadow imp
  8041 | D:10     | XOM: blink monster(s)
  8043 | D:10     | XOM: enchant monster (good)
  8056 | D:10     | XOM: 1-stop teleportation journey
  8098 | D:10     | Found a staircase to the Orcish Mines.
  8277 | D:10     | Noticed Joseph
  8299 | D:10     | Killed Joseph
  8511 | D:11     | Reached skill level 11 in Unarmed Combat
  8536 | D:11     | Noticed a white ugly thing
  8553 | D:11     | Killed a white ugly thing
  8687 | D:11     | XOM: silly message
  8702 | D:11     | XOM: silly message
  8819 | D:11     | Found a staircase to the Lair.
  8831 | D:11     | XOM: fog
  8839 | D:11     | XOM: noise
  8977 | D:11     | XOM: stat loss: -1 Int (10/11)
  8993 | D:11     | XOM: summons 3 hostile shadow creatures
  8994 | D:11     | Noticed a cyan ugly thing
  9071 | D:11     | Noticed a two-headed ogre
  9081 | D:11     | XOM: cast spell 'Summon Small Mammal'
  9092 | D:11     | XOM: confuse monster(s)
  9093 | D:11     | Reached skill level 12 in Unarmed Combat
  9095 | D:11     | Killed a two-headed ogre
  9192 | D:11     | Identified the +1 helmet of Voxkoin {+Inv rC- Dex+4} (You
                  | found it on level 7 of the Dungeon)
  9221 | D:11     | Noticed a seven-headed hydra
  9233 | D:11     | Slain by a seven-headed hydra

Illustrated notes

Levels and vault maps discovered:
D:1:      wheals_arrival_shading, layout_basic, minmay_misc_feat_pillars,
          minmay_misc_feat_enclosed
D:2:      layout_loops_ring, first_ration, uniq_terence
D:3:      layout_basic, grunt_temple_overflow_forces_of_nature,
          elyvilon_altar_3, gammafunk_temple_overflow_elements, uniq_jessica,
          uniq_natasha, uniq_grinder
D:4:      layout_cave_pools
D:5:      layout_gridville, minmay_temple_entry_mini_moons, uniq_duvessa,
          uniq_pikel
D:6:      layout_rooms, kennysheep_mini_moat, sigmund_edmund_badplayer
D:7:      layout_loops_cross, zin_treasury, kennysheep_generic_room_6,
          uniq_maggie
D:8:      kennysheep_spiral_hall, layout_loops_ring, special_room
          [special_room_kobold]
D:9:      layout_long_grid, minmay_overflow_temple_hex, special_room
          [special_room_bee], uniq_maurice
D:10:     layout_small_grid, orc_0_dummy, hangedman_stone_soup,
          grunt_ministairs_12, uniq_joseph
D:11:     layout_gridville, david_lair_generic

Skill      XL: |  1  2  3  4  5  6  7  8  9 10 11 |
---------------+----------------------------------+-----
Dodging        | 1 2 3 4 5 7 |  7.4
Armour         | 2 3 |  3.0
Unarmed Combat | 3 4 5 6 7 9 12 | 12.0
Evocations     | 1 2 3 4 7 |  7.0
Spellcasting   | 1 |  1.0
Fighting       | 5 6 7 |  7.0
Throwing       | 5 |  5.0

Action                   |  1- 3 |  4- 6 |  7- 9 | 10-12 || total
-------------------------+-------+-------+-------+-------++-------
Melee: Unarmed           |   127 |   111 |   235 |   357 ||   830
       Headbutt          |     8 |    12 |    43 |    76 ||   139
       Punch             |       |     3 |     1 |    17 ||    21
       Kick              |       |       |    48 |       ||    48
Throw: Boomerang         |     7 |    16 |    15 |    34 ||    72
       Dart              |       |     3 |    18 |    27 ||    48
Evoke: Wand              |       |     2 |    13 |    17 ||    32
       Tin of tremorston |       |       |       |     1 ||     1
  Use: Scroll            |     5 |     1 |     6 |     8 ||    20
       Potion            |       |     1 |     3 |     1 ||     5
 Stab: Sleeping          |     2 |    10 |       |       ||    12
       Petrified         |     1 |       |     6 |       ||     7
       Confused          |       |       |     1 |       ||     1
       Invisible         |       |       |     1 |       ||     1
       Distracted        |       |       |       |     3 ||     3
       Paralysed         |       |       |       |    12 ||    12
  Eat: Chunk             |     1 |     6 |     9 |    11 ||    27
Armor: Leather armour    |    52 |    16 |    31 |       ||    99
       Acid dragon scale |       |       |     1 |    42 ||    43
Dodge: Dodged            |    82 |    88 |   130 |   221 ||   521
Block: Other             |       |       |    35 |    76 ||   111
       Reflection        |       |       |     1 |     6 ||     7
